 Dungeon Crawl Stone Soup version 0.28.0-45-g0d030f2227 (webtiles) character file.

Game seed: 14428734492856767463

703 101zpm the Magician (level 7, -4/46 HPs)
             Began as a Djinni Ice Elementalist on Apr 17, 2022.
             Slain by a gnoll
             ... wielding a +0 whip
              (7 damage)
             ... on level 5 of the Dungeon.
             The game lasted 00:18:15 (7652 turns).

101zpm the Magician (Djinni Ice Elementalist)       Turns: 7652, Time: 00:18:15

Health: -4/46      AC:  3    Str: 13    XL:     7   Next: 99%
Gold:   308        EV: 13    Int: 18    God:
                   SH:  0    Dex: 14

rFire   + + +      SeeInvis .   r - +2 whip (elec)
rCold   x . .      Faith    .   (no shield)
rNeg    . . .      Spirit   .   a - +0 robe
rPois   ∞          Reflect  .   (no helmet)
rElec   .          Harm     .   q - +0 cloak
rCorr   .          Rampage  .   (no gloves)
Will    .....                   (boots unavailable)
Stlth   ++........              (no amulet)
HPRegen 0.15/turn               h - +6 ring of strength
MPRegen 0.00/turn               m - ring of protection from fire

@: flying
A: sickness immunity, fire resistance 2, cold vulnerability 1, float, innate
caster, HP casting, extra vitality 1
a: no special abilities


You were on level 5 of the Dungeon.
You visited 1 branch of the dungeon, and saw 6 of its levels.

You collected 308 gold pieces.

Inventory:

Hand Weapons
 r - a +2 whip of electrocution (weapon)
Missiles
 f - 139 stones
 l - 14 sling bullets
Armour
 a - a +0 robe (worn)
 q - a +0 cloak (worn)
Jewellery
 h - a +6 ring of strength (left hand)
 m - a ring of protection from fire (right hand)
Wands
 u - a wand of acid (7)
Scrolls
 b - 4 scrolls of teleportation {unknown}
 c - a scroll of immolation {unknown}
 d - 2 scrolls of identify {unknown}
 e - a scroll of amnesia {unknown}
 n - a scroll of magic mapping {unknown}
 o - a scroll of noise {unknown}
 t - a scroll of blinking {unknown}
Potions
 g - 5 potions of curing {unknown}
 i - 2 potions of mutation {unknown}
 j - 2 potions of heal wounds {unknown}
 k - a potion of lignification {unknown}
 p - a potion of ambrosia {unknown}
 s - a potion of attraction {unknown}


   Skills:
 + Level 0.5 Fighting
 + Level 3.0 Dodging
 + Level 2.1 Stealth
 + Level 6.8 Spellcasting


You had 3 spell levels left.
You knew the following spells:

 Your Spells              Type           Power      Damage    Failure   Level
a - Freeze                Ice            100%       1d11      1%          1
b - Frozen Ramparts       Ice            60%        1d8       1%          3
c - Ozocubu's Armour      Ice            30%        N/A       1%          3
d - Hailstorm             Conj/Ice       30%        3d8       7%          4
e - Summon Small Mammal   Summ           100%       N/A       1%          1
f - Call Imp              Summ           30%        N/A       1%          2
g - Corpse Rot            Necr/Air       60%        N/A       1%          2
Your spell library was empty.

Dungeon Overview and Level Annotations

Branches:
Dungeon (6/15)
 Temple: D:4-7

Altars:
Cheibriados

Shops:
D:4 !


Innate Abilities, Weirdness & Mutations

You are immune to sickness and miasma.
You are immune to poison.
Your flesh is very heat resistant. (rF++)
You are vulnerable to cold. (rC-)
You float through the air rather than walking.
You learn spells naturally, not from books.
Your magical power is your life essence.
You have superior vitality. (+4 MHP)


Message History

Your bat hits the gnoll but does no damage.
Your bat hits the gnoll shaman but does no damage.
The gnoll closely misses your quokka.
Your bat barely misses the gnoll shaman.
Your quokka bites the gnoll.
The gnoll dies!
Your bat barely misses the gnoll.
Your bat hits the gnoll but does no damage.
The gnoll shaman mumbles some strange prayers to its god.
The gnoll shaman is healed somewhat.
Your bat closely misses the gnoll shaman.
Your quokka bites the gnoll shaman.
Your bat barely misses the gnoll shaman.
Your bat barely misses the gnoll shaman.
Your bat hits the gnoll shaman but does no damage.
Your bat closely misses the gnoll shaman.
Your bat hits the gnoll but does no damage.
Your bat completely misses the gnoll shaman.
Your bat closely misses the gnoll shaman.
The gnoll shaman mumbles some strange prayers to its god.
The gnoll shaman is healed somewhat.
Your quokka bites the gnoll shaman but does no damage.
Your bat hits the gnoll shaman but does no damage.
Your quokka disappears in a puff of smoke!
Your bat hits the gnoll shaman but does no damage.
The gnoll shaman calls upon its god to speed up the gnoll.
The gnoll seems to speed up.
Your bat closely misses the gnoll shaman.
Your bat disappears in a puff of smoke!
The gnoll closely misses you. The gnoll hits you with a +0 whip.
* * * LOW HITPOINT WARNING * * *
Casting: Summon Small Mammal (safe; 1% risk of failure)
Confirm with . or Enter, or press ? or * to list all spells.
* * * LOW HITPOINT WARNING * * *
The gnoll hits you with a +0 whip.
* * * LOW HITPOINT WARNING * * *
Your bat hits the gnoll but does no damage.
The gnoll hits you with a +0 whip!
You die...

..#..............######.......#
..#########......#............#
..........#......#[...........#
..........#......#............#
##........#......#.....(......#
.#........#......#............#
.#........#......#............#
.#........#####g##............#
'#..........g.b.@.............#
.#######'#.................<..#
.........'...............>....#
.........#....................#
.........#....................#
.##......#....................#
≈≈#......#########............#
≈≈≈....#######...#............#
≈≈≈≈≈###.....###.#............#


You could see a gnoll shaman, a gnoll (fast, ally target) and a friendly bat
(summoned).

Vanquished Creatures
  2 kobold brigands (D:5)
  3 scorpions (D:5)
  A hound (D:5)
  An iguana (D:5)
  2 adders
  2 gnolls (D:5)
  3 worms (D:2)
  3 dart slugs
  7 ball pythons
  4 bats
  5 endoplasms
  2 giant cockroaches (D:1)
  6 goblins
  3 hobgoblins
  3 jackals (D:3)
  A quokka (D:1)
  3 frilled lizards (D:1)
  12 kobolds
  2 rats (D:2)
65 creatures vanquished.

Vanquished Creatures (collateral kills)
  A phantom (D:5)
  A bullfrog zombie (D:4)
  Crazy Yiuf (D:4)
  A hound skeleton (D:4)
  5 gnolls
  A howler monkey skeleton (D:5)
  An adder skeleton (D:4)
  A worm (D:4)
  A dart slug (D:5)
  A goblin (D:4)
  A hobgoblin (D:4)
  2 ball pythons (D:4)
  4 kobolds
21 creatures vanquished.

Grand Total: 86 creatures vanquished

Notes
Turn   | Place    | Note
-------+----------+-------------------------------------------
     0 | D:1      | 101zpm the Djinni Ice Elementalist began the quest for the
                  | Orb.
     0 | D:1      | Reached XP level 1. HP: 15/15 MP: 0/0
   275 | D:1      | Reached XP level 2. HP: 20/21 MP: 0/0
   637 | D:1      | Reached XP level 3. HP: 21/25 MP: 0/0
   637 | D:1      | Learned a level 1 spell: Summon Small Mammal
  1260 | D:2      | Reached skill level 4 in Spellcasting
  1906 | D:2      | Reached XP level 4. HP: 30/31 MP: 0/0
  2602 | D:3      | Found a faded altar of an unknown god.
  2638 | D:3      | Found a snail-covered altar of Cheibriados.
  3632 | D:4      | Reached XP level 5. HP: 4/35 MP: 0/0
  3632 | D:4      | Learned a level 2 spell: Call Imp
  4406 | D:4      | Found Weme's Distillery.
  5012 | D:4      | Found a runed translucent door.
  5013 | D:4      | Noticed Crazy Yiuf
  5120 | D:4      | HP: 1/35 [Crazy Yiuf/+2 quarterstaff of chaos (6)]
  5148 | D:5      | Entered Level 5 of the Dungeon
  5474 | D:4      | Killed Crazy Yiuf
  5475 | D:4      | Reached skill level 5 in Spellcasting
  5475 | D:4      | Reached XP level 6. HP: 13/40 MP: 0/0
  5847 | D:6      | Noticed an ice beast
  6530 | D:5      | Reached XP level 7. HP: 30/46 MP: 0/0
  6530 | D:5      | Learned a level 2 spell: Corpse Rot
  6669 | D:5      | Reached skill level 6 in Spellcasting
  7650 | D:5      | HP: 2/46 [gnoll/+0 whip (1)]
  7652 | D:5      | Slain by a gnoll

Illustrated notes

Levels and vault maps discovered:
D:1:      scummos_arrival_simple_fountains, layout_basic, minmay_hexomino_u4
D:2:      layout_loops_ring, nicolae_wormholes
D:3:      layout_rooms, old_standard_altar, shapermc_ecumenical_altar_pompeii
D:4:      layout_basic, serial_shops, shop, uniq_crazy_yiuf_cottage
D:5:      cheibrodos_thug_alley, layout_gridville
D:6:      nicolae_BIG_FREAKIN_CUBE, layout_basic, dk_yredelemnul_ordeal,
          mainiacjoe_overflow_boulevard, minmay_temple_entry_tees, serial_glass,
          glass_columns_a, glass_columns_a, glass_columns_b, glass_columns_b,
          glass_columns_a, glass_columns_a, glass_columns_a, glass_columns_c,
          solitary_fountain, uniq_sigmund, uniq_edmund, uniq_maggie,
          uniq_menkaure

Skill      XL: |  1  2  3  4  5  6  7 |
---------------+----------------------+-----
Spellcasting   | 4 5 6 |  6.8
Stealth        | 2 |  2.1
Dodging        | 3 |  3.0
Fighting       | |  0.5

Action                   |  1- 3 |  4- 6 |  7- 9 || total
-------------------------+-------+-------+-------++-------
Melee: Unarmed           |    12 |     2 |       ||    14
 Cast: Freeze            |    41 |    48 |    12 ||   101
       Frozen Ramparts   |     1 |    13 |     6 ||    20
       Summon Small Mamm |       |    46 |    26 ||    72
       Ozocubu's Armour  |       |     7 |     1 ||     8
       Call Imp          |       |    22 |     8 ||    30
Armor: Robe              |     5 |    23 |     2 ||    30
Dodge: Dodged            |    28 |    66 |    11 ||   105
